MapleLeafs vs Lightning

Created - November 21 2007 at 18:09

Goals
1 2 3 OT1 SO T
MapleLeafs 1 0 1 0 0 2
Lightning 0 1 1 0 1 3
Shots
1 2 3 OT1 SO T
MapleLeafs 11 3 6 3 3 23
Lightning 3 8 9 1 3 21

Period #1

1. MapleLeafs , Jordan Staal 9 (Alexander Steen, Paul Ranger) at 16:55 (PP)

Penalties :
Eric Lindros (TBL) for Holding Stick (Minor) at 3:15, Michael Peca (TOR) for Slashing (Minor) at 10:43, Vaclav Prospal (TBL) for Boarding (Minor) at 16:26

Period #2

2. Lightning , Cory Sarich 1 (Mats Sundin, Jaromir Jagr) at 1:10 (PP)

Penalties :
Jason Pominville (TOR) for Hooking (Minor) at 0:28, Willie Mitchell (TBL) for Holding (Minor) at 3:11, Brenden Morrow (TOR) for Interference (Minor) at 3:11, Jason Pominville (TOR) for Tripping (Minor) at 3:16, Jason Arnott (TOR) for Hooking (Minor) at 5:40, Ian Laperriere (TOR) for Hooking (Minor) at 10:21, Vincent Lecavalier (TBL) for High sticking (Double Minor) at 14:13, Jordan Staal (TOR) for High sticking (Minor) at 18:47

Period #3

3. Lightning , Jaromir Jagr 14 (Cory Sarich, Chris Phillips) at 6:58 (PP)
4. MapleLeafs , Jordan Staal 10 (Greg Zanon, Ian Laperriere) at 12:32

Penalties :
Cory Sarich (TBL) for Hooking (Minor) at 4:50, Jason Pominville (TOR) for Holding (Minor) at 6:09, Fedor Tyutin (TOR) for Roughing (Double Minor) at 7:11, Mats Sundin (TBL) for Tripping (Minor) at 10:24, Brenden Morrow (TOR) for High sticking (Minor) at 15:02

Overtime #1

No Goal

Penalties :
Brad Richards (TBL) for Tripping (Minor) at 0:59, Andreas Lilja (TOR) for Holding (Minor) at 0:59, Tom Poti (TBL) for Roughing (Minor) at 2:19

Shootout

Penalty Shot by Jason Pominville for MapleLeafs - Shot Misses the Net
Penalty Shot by Vincent Lecavalier for Lightning - Stopped by Andrew Raycroft
Penalty Shot by Jordan Staal for MapleLeafs - Stopped by Martin Gerber
Penalty Shot by Eric Lindros for Lightning - Shot Misses the Net
Penalty Shot by Jason Arnott for MapleLeafs - Stopped by Martin Gerber
Penalty Shot by Dimitry Afanasenkov for Lightning - Goal!

Penalties :
No Penalty

Goalie Stats

Andrew Raycroft (TOR), 19 saves from 21 shots - (0.905), OTL, 3-11-3, 65:00 minutes
Martin Gerber (TBL), 21 saves from 23 shots - (0.913), W, 10-10-4, 65:00 minutes

Players Stats

MapleLeafs
Player Name              G  A  P  +/- PIM S  H  SB FO MP 
-----------------------------------------------------------
Alexander Steen          0  1  1   0  0   0  2  0  1  20 
Alexei Ponikarovsky      0  0  0   1  0   3  1  0  0  13 
Andreas Lilja            0  0  0   0  2   0  0  0  0  19 
Brenden Morrow           0  0  0   0  4   1  2  0  2  20 
Chad Kilger              0  0  0   0  0   2  2  0  3  16 
Fedor Tyutin             0  0  0   1  4   0  0  0  0  18 
Greg Zanon               0  1  1   1  0   0  4  1  0  23 
Ian Laperriere           0  1  1   1  2   0  4  1  0  13 
Ian White                0  0  0   0  0   0  0  0  0  22 
Jason Arnott             0  0  0   0  2   4  3  0  19 20 
Jason Pominville         0  0  0   0  6   1  4  0  3  20 
Jeff O'Neill             0  0  0   0  0   0  2  0  2  9  
Jordan Staal             2  0  2   1  2   6  1  1  22 23 
Kimmo Timonen            0  0  0   0  0   3  1  4  0  25 
Matt Stajan              0  0  0   0  0   2  2  0  11 13 
Michael Peca             0  0  0   0  2   0  1  0  13 12 
Niklas Hagman            0  0  0   0  0   1  0  0  0  6  
Paul Ranger              0  1  1   0  0   0  2  1  0  25 
Lightning
Player Name              G  A  P  +/- PIM S  H  SB FO MP 
-----------------------------------------------------------
Antti Laaksonen          0  0  0  -1  0   1  0  0  3  6  
Brad Richards            0  0  0   0  2   2  1  0  19 21 
Carlo Colaiacovo         0  0  0   0  0   0  0  0  0  3  
Chris Phillips           0  1  1   0  0   4  1  0  0  26 
Cory Sarich              1  1  2   0  2   1  1  0  0  23 
Dimitry Afanasenkov      0  0  0  -1  0   0  0  0  2  11 
Eric Brewer              0  0  0  -1  0   0  0  0  0  23 
Eric Lindros             0  0  0   0  2   0  1  0  4  19 
Jaromir Jagr             1  1  2   0  0   5  0  0  4  27 
Jay Pandolfo             0  0  0   0  0   0  0  0  0  15 
Mats Sundin              0  1  1   0  2   3  4  1  26 21 
Nolan Pratt              0  0  0   0  0   0  2  2  0  18 
Ruslan Fedotenko         0  0  0   0  0   0  2  0  0  8  
Tim Taylor               0  0  0  -1  0   1  0  0  17 18 
Tom Poti                 0  0  0  -1  2   0  1  0  0  24 
Vaclav Prospal           0  0  0   0  2   2  2  0  0  18 
Vincent Lecavalier       0  0  0   0  4   2  3  0  1  23 
Willie Mitchell          0  0  0   0  2   0  3  0  0  19 

3 Stars

1 - Jordan Staal (TOR)
2 - Cory Sarich (TBL)
3 - Jaromir Jagr (TBL)

Power Play

MapleLeafs - 1 on 6 Attempt(s) - 16.67%
Lightning - 2 on 9 Attempt(s) - 22.22%

Penalty Kill

MapleLeafs - 7 on 9 Attempt(s) - 77.78% - Score 0 goal in Penalty Kill
Lightning - 5 on 6 Attempt(s) - 83.33% - Score 0 goal in Penalty Kill

Game Notes

Ruslan Fedotenko is injured at 8:10 of 2nd period (Neck)

Finance

Level 1 -- Attendance: 3527 (58.05%) -- Ticket Income $352,700.00
Level 2 -- Attendance: 3258 (58.19%) -- Ticket Income $195,480.00
Level 3 -- Attendance: 1467 (53.64%) -- Ticket Income $58,680.00
Level 4 -- Attendance: 1762 (40.51%) -- Ticket Income $61,670.00
Luxury Box -- Attendance: 429 (42.95%) -- Ticket Income $128,700.00
Game was played at the St. Pete Times Forum
Total Attendance: 10443 (52.85%)
Total Ticket Income: $818,927.10
Other Income: $149,436.00
Total Income: $968,363.00


Play by Play

Period #1

0:01 of 1st period - Brad Richards wins face-off versus Jason Arnott in neutral zone.
0:53 of 1st period - Icing by Greg Zanon.
0:54 of 1st period - Mats Sundin wins face-off versus Jason Arnott in MapleLeafs zone.
0:57 of 1st period - Shot by Mats Sundin.
0:57 of 1st period - Shot Blocked by Kimmo Timonen.
1:11 of 1st period - Shot by Vaclav Prospal.
1:11 of 1st period - Stopped by Andrew Raycroft with a rebound.
2:42 of 1st period - Off-side.
2:43 of 1st period - Michael Peca wins face-off versus Brad Richards in neutral zone.
3:06 of 1st period - Shot by Jason Arnott.
3:06 of 1st period - Stopped by Martin Gerber without a rebound.
3:07 of 1st period - Mats Sundin wins face-off versus Jordan Staal in Lightning zone.
3:07 of 1st period - Chris Phillips is hit by Jordan Staal and loses puck.
3:15 of 1st period - Minor Penalty to Eric Lindros for Holding Stick.
3:16 of 1st period - Jordan Staal wins face-off versus Jaromir Jagr in Lightning zone.
3:26 of 1st period - Shot by Jordan Staal.
3:26 of 1st period - Stopped by Martin Gerber without a rebound.
3:27 of 1st period - Tim Taylor wins face-off versus Jordan Staal in Lightning zone.
3:50 of 1st period - Shot by Kimmo Timonen.
3:50 of 1st period - Stopped by Martin Gerber without a rebound.
3:51 of 1st period - Jaromir Jagr wins face-off versus Jordan Staal in Lightning zone.
4:06 of 1st period - Shot by Paul Ranger.
4:06 of 1st period - Shot Misses the Net.
4:30 of 1st period - Paul Ranger is hit by Willie Mitchell and loses puck.
4:46 of 1st period - Off-side.
4:47 of 1st period - Jaromir Jagr wins face-off versus Jason Arnott in neutral zone.
4:47 of 1st period - Jaromir Jagr is hit by Brenden Morrow.
4:59 of 1st period - Shot by Kimmo Timonen.
4:59 of 1st period - Stopped by Martin Gerber with a rebound.
5:08 of 1st period - Jason Arnott is hit by Ruslan Fedotenko and loses puck.
5:19 of 1st period - Shot by Mats Sundin.
5:19 of 1st period - Shot Blocked by Greg Zanon.
5:21 of 1st period - Shot by Chris Phillips.
5:21 of 1st period - Stopped by Andrew Raycroft without a rebound.
5:22 of 1st period - Brad Richards wins face-off versus Chad Kilger in MapleLeafs zone.
5:23 of 1st period - Shot by Jaromir Jagr.
5:23 of 1st period - Shot Misses the Net.
5:39 of 1st period - Shot by Jaromir Jagr.
5:39 of 1st period - Stopped by Andrew Raycroft with a rebound.
6:21 of 1st period - Shot by Jeff O'Neill.
6:21 of 1st period - Shot Misses the Net.
6:48 of 1st period - Icing by Jaromir Jagr.
6:49 of 1st period - Jason Arnott wins face-off versus Brad Richards in Lightning zone.
7:37 of 1st period - Icing by Chris Phillips.
7:38 of 1st period - Mats Sundin wins face-off versus Brenden Morrow in Lightning zone.
8:59 of 1st period - Paul Ranger is hit by Ruslan Fedotenko and loses puck.
9:25 of 1st period - Jason Pominville is hit by Mats Sundin and loses puck.
9:28 of 1st period - Shot by Jason Pominville.
9:28 of 1st period - Stopped by Martin Gerber without a rebound.
9:29 of 1st period - Vincent Lecavalier wins face-off versus Jordan Staal in Lightning zone.
10:21 of 1st period - Icing by Greg Zanon.
10:22 of 1st period - Tim Taylor wins face-off versus Jordan Staal in MapleLeafs zone.
10:42 of 1st period - Jay Pandolfo is hit by Jason Pominville and loses puck.
10:43 of 1st period - Minor Penalty to Michael Peca for Slashing.
10:44 of 1st period - Jason Pominville wins face-off versus Mats Sundin in neutral zone.
10:50 of 1st period - Icing by Cory Sarich.
10:51 of 1st period - Mats Sundin wins face-off versus Jason Pominville in Lightning zone.
10:56 of 1st period - Chad Kilger is hit by Mats Sundin and loses puck.
12:11 of 1st period - Shot by Chad Kilger.
12:11 of 1st period - Stopped by Martin Gerber with a rebound.
14:40 of 1st period - Off-side.
14:41 of 1st period - Mats Sundin wins face-off versus Jason Arnott in neutral zone.
15:25 of 1st period - Ruslan Fedotenko is hit by Jason Pominville and loses puck.
15:40 of 1st period - Shot by Nolan Pratt.
15:40 of 1st period - Shot Misses the Net.
15:49 of 1st period - Icing by Ian White.
15:50 of 1st period - Jordan Staal wins face-off versus Antti Laaksonen in MapleLeafs zone.
16:12 of 1st period - Off-side.
16:13 of 1st period - Matt Stajan wins face-off versus Mats Sundin in neutral zone.
16:25 of 1st period - Paul Ranger is hit by Cory Sarich and loses puck.
16:26 of 1st period - Minor Penalty to Vaclav Prospal for Boarding.
16:27 of 1st period - Tim Taylor wins face-off versus Jordan Staal in Lightning zone.
16:33 of 1st period - Icing by Jordan Staal.
16:34 of 1st period - Jordan Staal wins face-off versus Tim Taylor in MapleLeafs zone.
16:51 of 1st period - Shot by Jordan Staal.
16:51 of 1st period - Shot Misses the Net.
16:55 of 1st period - Shot by Jordan Staal.
16:55 of 1st period - Goal by Jordan Staal - MapleLeafs : 1 - Lightning : 0.
16:56 of 1st period - Jordan Staal wins face-off versus Mats Sundin in neutral zone.
17:10 of 1st period - Shot by Jordan Staal.
17:10 of 1st period - Deflect By Alexei Ponikarovsky.
17:10 of 1st period - Stopped by Martin Gerber without a rebound.
17:11 of 1st period - Brad Richards wins face-off versus Jeff O'Neill in Lightning zone.
17:13 of 1st period - Icing by Vincent Lecavalier.
17:14 of 1st period - Brad Richards wins face-off versus Matt Stajan in Lightning zone.
17:20 of 1st period - Brad Richards is hit by Jeff O'Neill.
17:27 of 1st period - Vincent Lecavalier is hit by Matt Stajan and loses puck.
17:33 of 1st period - Icing by Ian White.
17:34 of 1st period - Mats Sundin wins face-off versus Matt Stajan in MapleLeafs zone.
17:43 of 1st period - Shot by Mats Sundin.
17:43 of 1st period - Shot Misses the Net.
17:56 of 1st period - Vaclav Prospal is hit by Paul Ranger and loses puck.
18:35 of 1st period - Shot by Jordan Staal.
18:35 of 1st period - Deflect By Alexei Ponikarovsky.
18:35 of 1st period - Stopped by Martin Gerber without a rebound.
18:36 of 1st period - Brad Richards wins face-off versus Jason Arnott in Lightning zone.
19:03 of 1st period - Shot by Jason Arnott.
19:03 of 1st period - Stopped by Martin Gerber with a rebound.
19:05 of 1st period - Shot by Kimmo Timonen.
19:05 of 1st period - Stopped by Martin Gerber without a rebound.
19:06 of 1st period - Tim Taylor wins face-off versus Michael Peca in Lightning zone.
19:06 of 1st period - Tim Taylor is hit by Chad Kilger.
19:55 of 1st period - Eric Brewer is hit by Ian Laperriere and loses puck.

Period #2

0:01 of 2nd period - Brad Richards wins face-off versus Jason Arnott in neutral zone.
0:01 of 2nd period - Brad Richards is hit by Jason Arnott.
0:04 of 2nd period - Vincent Lecavalier is hit by Greg Zanon and loses puck.
0:28 of 2nd period - Minor Penalty to Jason Pominville for Hooking.
0:29 of 2nd period - Jaromir Jagr wins face-off versus Jordan Staal in Lightning zone.
1:10 of 2nd period - Shot by Cory Sarich.
1:10 of 2nd period - Goal by Cory Sarich - MapleLeafs : 1 - Lightning : 1.
1:11 of 2nd period - Tim Taylor wins face-off versus Jason Arnott in neutral zone.
1:46 of 2nd period - Jay Pandolfo is hit by Alexander Steen and loses puck.
2:12 of 2nd period - Jeff O'Neill is hit by Tom Poti and loses puck.
2:27 of 2nd period - Shot by Brenden Morrow.
2:27 of 2nd period - Stopped by Martin Gerber without a rebound.
2:28 of 2nd period - Jordan Staal wins face-off versus Mats Sundin in Lightning zone.
2:28 of 2nd period - Fedor Tyutin is hit by Vaclav Prospal and loses puck.
2:34 of 2nd period - Vaclav Prospal is hit by Ian Laperriere and loses puck.
2:45 of 2nd period - Alexei Ponikarovsky is hit by Vaclav Prospal and loses puck.
2:58 of 2nd period - Shot by Mats Sundin.
2:58 of 2nd period - Stopped by Andrew Raycroft without a rebound.
2:59 of 2nd period - Matt Stajan wins face-off versus Brad Richards in MapleLeafs zone.
3:11 of 2nd period - Minor Penalty to Willie Mitchell for Holding.
3:11 of 2nd period - Minor Penalty to Brenden Morrow for Interference.
3:12 of 2nd period - Jason Arnott wins face-off versus Brad Richards in Lightning zone.
3:16 of 2nd period - Minor Penalty to Jason Pominville for Tripping.
3:17 of 2nd period - Jordan Staal wins face-off versus Brad Richards in Lightning zone.
4:16 of 2nd period - Shot by Mats Sundin.
4:16 of 2nd period - Shot Misses the Net.
5:21 of 2nd period - Shot by Tim Taylor.
5:21 of 2nd period - Stopped by Andrew Raycroft without a rebound.
5:22 of 2nd period - Tim Taylor wins face-off versus Matt Stajan in MapleLeafs zone.
5:39 of 2nd period - Off-side.
5:40 of 2nd period - Mats Sundin wins face-off versus Jason Arnott in neutral zone.
5:40 of 2nd period - Minor Penalty to Jason Arnott for Hooking.
5:41 of 2nd period - Mats Sundin wins face-off versus Brenden Morrow in neutral zone.
7:44 of 2nd period - Icing by Greg Zanon.
7:45 of 2nd period - Jason Arnott wins face-off versus Tim Taylor in MapleLeafs zone.
7:54 of 2nd period - Shot by Jay Pandolfo.
7:54 of 2nd period - Deflect By Ruslan Fedotenko.
7:54 of 2nd period - Shot Blocked by Kimmo Timonen.
8:09 of 2nd period - Ruslan Fedotenko is hit by Greg Zanon and loses puck.
8:10 of 2nd period - Ruslan Fedotenko from Lightning is injured at 8:10 of 2nd period (Neck).
8:11 of 2nd period - Matt Stajan wins face-off versus Tim Taylor in MapleLeafs zone.
8:29 of 2nd period - Tim Taylor is hit by Jeff O'Neill and loses puck.
9:14 of 2nd period - Shot by Vaclav Prospal.
9:14 of 2nd period - Stopped by Andrew Raycroft without a rebound.
9:15 of 2nd period - Brad Richards wins face-off versus Michael Peca in MapleLeafs zone.
9:34 of 2nd period - Michael Peca is hit by Brad Richards and loses puck.
9:48 of 2nd period - Icing by Willie Mitchell.
9:49 of 2nd period - Brad Richards wins face-off versus Jordan Staal in Lightning zone.
10:21 of 2nd period - Minor Penalty to Ian Laperriere for Hooking.
10:22 of 2nd period - Michael Peca wins face-off versus Mats Sundin in MapleLeafs zone.
11:47 of 2nd period - Shot by Chris Phillips.
11:47 of 2nd period - Stopped by Andrew Raycroft without a rebound.
11:48 of 2nd period - Michael Peca wins face-off versus Mats Sundin in MapleLeafs zone.
12:00 of 2nd period - Icing by Chris Phillips.
12:01 of 2nd period - Mats Sundin wins face-off versus Michael Peca in Lightning zone.
12:08 of 2nd period - Shot by Mats Sundin.
12:08 of 2nd period - Stopped by Andrew Raycroft with a rebound.
12:40 of 2nd period - Jay Pandolfo is hit by Alexander Steen and loses puck.
12:55 of 2nd period - Shot by Jay Pandolfo.
12:55 of 2nd period - Shot Misses the Net.
14:02 of 2nd period - Shot by Vincent Lecavalier.
14:02 of 2nd period - Shot Blocked by Paul Ranger.
14:13 of 2nd period - Double Minor Penalty to Vincent Lecavalier for High sticking.
14:14 of 2nd period - Jordan Staal wins face-off versus Dimitry Afanasenkov in Lightning zone.
14:19 of 2nd period - Shot by Jordan Staal.
14:19 of 2nd period - Stopped by Martin Gerber with a rebound.
15:08 of 2nd period - Off-side.
15:09 of 2nd period - Matt Stajan wins face-off versus Tim Taylor in neutral zone.
15:14 of 2nd period - Willie Mitchell is hit by Matt Stajan and loses puck.
15:29 of 2nd period - Shot by Alexander Steen.
15:29 of 2nd period - Shot Misses the Net.
15:31 of 2nd period - Shot by Ian White.
15:31 of 2nd period - Shot Blocked by Nolan Pratt.
16:38 of 2nd period - Off-side.
16:39 of 2nd period - Chad Kilger wins face-off versus Tim Taylor in neutral zone.
16:59 of 2nd period - Ian White is hit by Chris Phillips and loses puck.
17:14 of 2nd period - Shot by Jay Pandolfo.
17:14 of 2nd period - Shot Blocked by Kimmo Timonen.
17:17 of 2nd period - Icing by Kimmo Timonen.
17:18 of 2nd period - Eric Lindros wins face-off versus Chad Kilger in MapleLeafs zone.
17:33 of 2nd period - Jaromir Jagr is hit by Ian Laperriere and loses puck.
17:56 of 2nd period - Shot by Niklas Hagman.
17:56 of 2nd period - Stopped by Martin Gerber without a rebound.
17:57 of 2nd period - Tim Taylor wins face-off versus Jordan Staal in Lightning zone.
18:19 of 2nd period - Carlo Colaiacovo is hit by Alexei Ponikarovsky and loses puck.
18:38 of 2nd period - Shot by Mats Sundin.
18:38 of 2nd period - Shot Blocked by Jordan Staal.
18:42 of 2nd period - Shot by Vaclav Prospal.
18:42 of 2nd period - Shot Misses the Net.
18:44 of 2nd period - Shot by Mats Sundin.
18:44 of 2nd period - Shot Misses the Net.
18:46 of 2nd period - Shot by Cory Sarich.
18:46 of 2nd period - Shot Misses the Net.
18:47 of 2nd period - Minor Penalty to Jordan Staal for High sticking.
18:48 of 2nd period - Brad Richards wins face-off versus Michael Peca in MapleLeafs zone.
18:59 of 2nd period - Shot by Jaromir Jagr.
18:59 of 2nd period - Stopped by Andrew Raycroft with a rebound.
19:01 of 2nd period - Shot by Eric Brewer.
19:01 of 2nd period - Deflect By Vincent Lecavalier.
19:01 of 2nd period - Shot Blocked by Kimmo Timonen.
19:15 of 2nd period - Shot by Vincent Lecavalier.
19:15 of 2nd period - Shot Misses the Net.
19:17 of 2nd period - Shot by Vincent Lecavalier.
19:17 of 2nd period - Deflect By Jaromir Jagr.
19:17 of 2nd period - Stopped by Andrew Raycroft without a rebound.
19:18 of 2nd period - Mats Sundin wins face-off versus Jason Pominville in MapleLeafs zone.

Period #3

0:01 of 3rd period - Mats Sundin wins face-off versus Michael Peca in neutral zone.
0:07 of 3rd period - Vaclav Prospal is hit by Michael Peca and loses puck.
0:46 of 3rd period - Shot by Mats Sundin.
0:46 of 3rd period - Shot Misses the Net.
1:00 of 3rd period - Shot by Jason Arnott.
1:00 of 3rd period - Stopped by Martin Gerber without a rebound.
1:01 of 3rd period - Jason Arnott wins face-off versus Mats Sundin in Lightning zone.
1:59 of 3rd period - Jaromir Jagr is hit by Ian Laperriere and loses puck.
2:08 of 3rd period - Shot by Chad Kilger.
2:08 of 3rd period - Deflect By Jordan Staal.
2:08 of 3rd period - Shot Misses the Net.
2:13 of 3rd period - Icing by Willie Mitchell.
2:14 of 3rd period - Brad Richards wins face-off versus Jason Arnott in Lightning zone.
2:14 of 3rd period - Brad Richards is hit by Greg Zanon.
2:20 of 3rd period - Greg Zanon is hit by Vincent Lecavalier and loses puck.
3:26 of 3rd period - Vincent Lecavalier is hit by Chad Kilger and loses puck.
3:48 of 3rd period - Matt Stajan is hit by Vincent Lecavalier and loses puck.
4:05 of 3rd period - Icing by Ian Laperriere.
4:06 of 3rd period - Eric Lindros wins face-off versus Jason Arnott in MapleLeafs zone.
4:46 of 3rd period - Icing by Chris Phillips.
4:47 of 3rd period - Jordan Staal wins face-off versus Eric Lindros in Lightning zone.
4:47 of 3rd period - Jordan Staal is hit by Eric Lindros.
4:50 of 3rd period - Minor Penalty to Cory Sarich for Hooking.
4:51 of 3rd period - Jordan Staal wins face-off versus Mats Sundin in Lightning zone.
5:00 of 3rd period - Shot by Alexei Ponikarovsky.
5:00 of 3rd period - Stopped by Martin Gerber with a rebound.
5:02 of 3rd period - Shot by Jordan Staal.
5:02 of 3rd period - Stopped by Martin Gerber without a rebound.
5:03 of 3rd period - Jordan Staal wins face-off versus Tim Taylor in Lightning zone.
5:03 of 3rd period - Kimmo Timonen is hit by Nolan Pratt and loses puck.
5:30 of 3rd period - Shot by Kimmo Timonen.
5:30 of 3rd period - Shot Misses the Net.
5:32 of 3rd period - Shot by Jordan Staal.
5:32 of 3rd period - Stopped by Martin Gerber without a rebound.
5:33 of 3rd period - Jordan Staal wins face-off versus Tim Taylor in Lightning zone.
6:09 of 3rd period - Minor Penalty to Jason Pominville for Holding.
6:10 of 3rd period - Jason Arnott wins face-off versus Mats Sundin in neutral zone.
6:17 of 3rd period - Shot by Jason Arnott.
6:17 of 3rd period - Deflect By Chad Kilger.
6:17 of 3rd period - Shot Blocked by Nolan Pratt.
6:21 of 3rd period - Shot by Chad Kilger.
6:21 of 3rd period - Stopped by Martin Gerber without a rebound.
6:22 of 3rd period - Mats Sundin wins face-off versus Matt Stajan in Lightning zone.
6:54 of 3rd period - Shot by Jaromir Jagr.
6:54 of 3rd period - Shot Misses the Net.
6:56 of 3rd period - Shot by Chris Phillips.
6:56 of 3rd period - Shot Misses the Net.
6:58 of 3rd period - Shot by Cory Sarich.
6:58 of 3rd period - Deflect By Jaromir Jagr.
6:58 of 3rd period - Goal by Jaromir Jagr - MapleLeafs : 1 - Lightning : 2.
6:59 of 3rd period - Jordan Staal wins face-off versus Tim Taylor in neutral zone.
7:11 of 3rd period - Double Minor Penalty to Fedor Tyutin for Roughing.
7:12 of 3rd period - Mats Sundin wins face-off versus Michael Peca in Lightning zone.
8:09 of 3rd period - Shot by Vincent Lecavalier.
8:09 of 3rd period - Stopped by Andrew Raycroft with a rebound.
9:06 of 3rd period - Shot by Antti Laaksonen.
9:06 of 3rd period - Stopped by Andrew Raycroft with a rebound.
9:08 of 3rd period - Shot by Eric Lindros.
9:08 of 3rd period - Deflect By Jaromir Jagr.
9:08 of 3rd period - Stopped by Andrew Raycroft without a rebound.
9:09 of 3rd period - Brad Richards wins face-off versus Michael Peca in MapleLeafs zone.
9:14 of 3rd period - Shot by Brad Richards.
9:14 of 3rd period - Stopped by Andrew Raycroft with a rebound.
9:16 of 3rd period - Shot by Vincent Lecavalier.
9:16 of 3rd period - Stopped by Andrew Raycroft without a rebound.
9:17 of 3rd period - Michael Peca wins face-off versus Antti Laaksonen in MapleLeafs zone.
9:25 of 3rd period - Icing by Antti Laaksonen.
9:26 of 3rd period - Michael Peca wins face-off versus Antti Laaksonen in Lightning zone.
10:24 of 3rd period - Minor Penalty to Mats Sundin for Tripping.
10:25 of 3rd period - Jason Arnott wins face-off versus Dimitry Afanasenkov in MapleLeafs zone.
10:36 of 3rd period - Jaromir Jagr is hit by Jason Pominville and loses puck.
10:53 of 3rd period - Dimitry Afanasenkov is hit by Jason Arnott and loses puck.
12:14 of 3rd period - Shot by Brenden Morrow.
12:14 of 3rd period - Shot Misses the Net.
12:23 of 3rd period - Kimmo Timonen is hit by Willie Mitchell and loses puck.
12:32 of 3rd period - Shot by Jordan Staal.
12:32 of 3rd period - Goal by Jordan Staal - MapleLeafs : 2 - Lightning : 2.
12:33 of 3rd period - Mats Sundin wins face-off versus Alexander Steen in neutral zone.
13:51 of 3rd period - Alexei Ponikarovsky is hit by Nolan Pratt and loses puck.
14:20 of 3rd period - Alexei Ponikarovsky is hit by Willie Mitchell and loses puck.
14:39 of 3rd period - Shot by Jaromir Jagr.
14:39 of 3rd period - Shot Misses the Net.
14:43 of 3rd period - Shot by Jaromir Jagr.
14:43 of 3rd period - Deflect By Brad Richards.
14:43 of 3rd period - Stopped by Andrew Raycroft without a rebound.
14:44 of 3rd period - Jeff O'Neill wins face-off versus Mats Sundin in MapleLeafs zone.
14:44 of 3rd period - Jeff O'Neill is hit by Mats Sundin.
15:02 of 3rd period - Minor Penalty to Brenden Morrow for High sticking.
15:03 of 3rd period - Michael Peca wins face-off versus Brad Richards in Lightning zone.
18:02 of 3rd period - Icing by Nolan Pratt.
18:03 of 3rd period - Tim Taylor wins face-off versus Jason Arnott in Lightning zone.
18:03 of 3rd period - Tim Taylor is hit by Jason Arnott.
18:34 of 3rd period - Vaclav Prospal is hit by Jason Pominville and loses puck.
18:51 of 3rd period - Shot by Mats Sundin.
18:51 of 3rd period - Shot Misses the Net.
18:53 of 3rd period - Shot by Chris Phillips.
18:53 of 3rd period - Stopped by Andrew Raycroft with a rebound.
18:55 of 3rd period - Shot by Chris Phillips.
18:55 of 3rd period - Stopped by Andrew Raycroft without a rebound.
18:56 of 3rd period - Jordan Staal wins face-off versus Brad Richards in MapleLeafs zone.
18:56 of 3rd period - Jordan Staal is hit by Vincent Lecavalier.
19:06 of 3rd period - Shot by Jordan Staal.
19:06 of 3rd period - Shot Blocked by Mats Sundin.
19:26 of 3rd period - Shot by Vincent Lecavalier.
19:26 of 3rd period - Shot Blocked by Ian Laperriere.

Overtime #1

0:01 of 1st overtime period - Mats Sundin wins face-off versus Jason Arnott in neutral zone.
0:22 of 1st overtime period - Shot by Jason Arnott.
0:22 of 1st overtime period - Stopped by Martin Gerber without a rebound.
0:23 of 1st overtime period - Brad Richards wins face-off versus Matt Stajan in Lightning zone.
0:23 of 1st overtime period - Brad Richards is hit by Paul Ranger.
0:28 of 1st overtime period - Tom Poti is hit by Brenden Morrow and loses puck.
0:59 of 1st overtime period - Minor Penalty to Brad Richards for Tripping.
0:59 of 1st overtime period - Minor Penalty to Andreas Lilja for Holding.
1:00 of 1st overtime period - Jason Arnott wins face-off versus Mats Sundin in MapleLeafs zone.
1:09 of 1st overtime period - Shot by Mats Sundin.
1:09 of 1st overtime period - Stopped by Andrew Raycroft with a rebound.
1:29 of 1st overtime period - Mats Sundin is hit by Kimmo Timonen and loses puck.
1:37 of 1st overtime period - Kimmo Timonen is hit by Mats Sundin and loses puck.
2:18 of 1st overtime period - Shot by Brenden Morrow.
2:18 of 1st overtime period - Deflect By Matt Stajan.
2:18 of 1st overtime period - Stopped by Martin Gerber without a rebound.
2:19 of 1st overtime period - Matt Stajan wins face-off versus Eric Lindros in Lightning zone.
2:19 of 1st overtime period - Minor Penalty to Tom Poti for Roughing.
2:20 of 1st overtime period - Matt Stajan wins face-off versus Tim Taylor in Lightning zone.
2:47 of 1st overtime period - Shot by Matt Stajan.
2:47 of 1st overtime period - Stopped by Martin Gerber with a rebound.
4:44 of 1st overtime period - Brad Richards is hit by Greg Zanon and loses puck.

ShootOut

ShootOut - Penalty Shot by Jason Pominville for MapleLeafs.
ShootOut - Shot Misses the Net.
ShootOut - Penalty Shot by Vincent Lecavalier for Lightning.
ShootOut - Stopped by Andrew Raycroft.
ShootOut - Penalty Shot by Jordan Staal for MapleLeafs.
ShootOut - Stopped by Martin Gerber.
ShootOut - Penalty Shot by Eric Lindros for Lightning.
ShootOut - Shot Misses the Net.
ShootOut - Penalty Shot by Jason Arnott for MapleLeafs.
ShootOut - Stopped by Martin Gerber.
ShootOut - Penalty Shot by Dimitry Afanasenkov for Lightning.
ShootOut - Goal by Dimitry Afanasenkov.


Output by the SimonT Hockey Simulator (STHS) for Stephane Roy -- Original Page W3C XHTML 1.0 Valid